 Dungeon Crawl Stone Soup version 0.20-a0-785-g17250f0 (webtiles) character file.

109510 letsgo the Frost Mage (level 16, -5/122 HPs)
             Began as a Demonspawn Wizard on Feb 27, 2017.
             Was the Champion of Okawaru.
             Killed by divine providence
             ... invoked by a meliai
              (9 damage)
             ... on level 14 of the Dungeon.
             The game lasted 01:53:41 (28347 turns).

letsgo the Frost Mage (Demonspawn Wizard)          Turns: 28347, Time: 01:53:43

Health: -5/122     AC: 15    Str: 14    XL:     16   Next: 5%
Magic:  0/30       EV: 10    Int: 29    God:    Okawaru [******]
Gold:   2375       SH:  7    Dex: 12    Spells: 21/36 levels left

rFire    + + .     SeeInvis .   i - +2 trident (freeze)
rCold    + . .     Gourm    .   m - +2 scale mail of Submission {Regen+ Str-3 Slay+6}
rNeg     . . .     Faith    .   d - +0 buckler of Joy {rPois rF+ Str+4}
rPois    +         Spirit   +   Q - +0 hat of Lulievyu {MR+ Regen+ Int+5}
rElec    +         Reflect  +   x - scarf {Spirit}
rCorr    .         Harm     .   b - +2 pair of gloves {Str+3}
MR       ++...                  N - +0 pair of boots
Stlth    ..........             r - +3 amulet of reflection
Regen    1.5/turn               y - ring of ice
MPRegen  0.3/turn               j - ring of wizardry

@: about to teleport, corroded
A: horns 2, molten scales 3, demonic guardian 1, fire resistance 1, regeneration
1, electricity resistance, wild magic 1, flame cloud immunity, MP-powered wands
a: Heroism, Finesse, Renounce Religion


You were on level 14 of the Dungeon.
You worshipped Okawaru.
Okawaru was exalted by your worship.
You were not hungry.

You visited 4 branches of the dungeon, and saw 24 of its levels.
You also visited: Labyrinth, Sewer and Ice Cave.

You collected 2609 gold pieces.
You spent 234 gold pieces at shops.

Inventory:

Hand Weapons
 f - a +6 blowgun
 i - a +2 trident of freezing (weapon)
 w - a +2 vampiric bardiche
 z - the +8 mace "Eraoguerch" {flame, -Tele rPois Str+7}
   (You found it on level 5 of the Dungeon)

   It has been specially enchanted to burn those struck by it, causing extra
   injury to most foes and up to half again as much damage against particularly
   susceptible opponents.
   It affects your strength (+7).
   It protects you from poison.
   It prevents most forms of teleportation.
 T - a +1 glaive of flaming
Missiles
 n - 12 curare-tipped needles
Armour
 b - a +2 pair of gloves of strength (worn)
 d - the +0 buckler of Joy (worn) {rPois rF+ Str+4}
   (Okawaru gifted it to you in an ice cave)

   It affects your strength (+4).
   It protects you from fire.
   It protects you from poison.
 m - the +2 scale mail of Submission (worn) {Regen+ Str-3 Slay+6}
   (Okawaru gifted it to you on level 15 of the Dungeon)

   It affects your strength (-3).
   It affects your accuracy and damage with ranged weapons and melee attacks
   (+6).
   It increases your rate of regeneration.
 v - the +1 ice dragon scales of Vexation {rElec rF- rC++ MR+ Dex+4}
   (You found it in an ice cave)

   It affects your dexterity (+4).
   It makes you vulnerable to fire.
   It greatly protects you from cold.
   It insulates you from electricity.
   It affects your resistance to hostile enchantments.
 x - a scarf of spirit shield (worn)
 N - a +0 pair of boots (worn)
 Q - the +0 hat of Lulievyu (worn) {MR+ Regen+ Int+5}
   (You found it on level 9 of the Dungeon)

   It affects your intelligence (+5).
   It affects your resistance to hostile enchantments.
   It increases your rate of regeneration.
Jewellery
 a - an uncursed ring of poison resistance
 g - an uncursed ring of positive energy
 j - a ring of wizardry (left hand)
 r - a +3 amulet of reflection (around neck)
 y - a ring of ice (right hand)
 E - a +3 ring of protection
 H - an uncursed amulet of magic regeneration {unknown}
Wands
 u - a wand of paralysis (5/24)
 C - a wand of digging (3/24)
 I - a wand of disintegration (8/24)
 S - a wand of acid (6/15)
Scrolls
 h - 7 scrolls of identify
 k - a scroll of magic mapping
 s - 13 scrolls of remove curse
 B - 4 scrolls of teleportation
 D - 7 scrolls of fog
 L - 6 scrolls of enchant weapon
 U - a scroll of enchant armour
Potions
 e - 8 potions of flight
 p - a potion of curing
 q - 2 potions of brilliance
 F - 3 potions of agility
 G - 6 potions of haste
 M - 2 potions of ambrosia
 O - a potion of resistance
 Y - a potion of heal wounds
Books
 c - a book of Minor Magic

   Spells                             Type                      Level
   a - Magic Dart                     Conjuration                  1
   b - Blink                          Translocation                2
   c - Call Imp                       Summoning                    2
   d - Slow                           Hexes                        2
   e - Conjure Flame                  Conjuration/Fire             3
   f - Mephitic Cloud                 Conjuration/Poison/Air       3
 J - a book of the Warp

   Spells                             Type                      Level
   a - Gell's Gravitas                Translocation                3
   b - Portal Projectile              Hexes/Translocation          3
   c - Force Lance                    Conjuration/Translocation    4
   d - Dispersal                      Translocation                6
   e - Controlled Blink               Translocation                8
   f - Disjunction                    Translocation                8
 K - a book of Air

   Spells                             Type                      Level
   a - Shock                          Conjuration/Air              1
   b - Swiftness                      Charms/Air                   2
   c - Static Discharge               Conjuration/Air              3
   d - Airstrike                      Air                          4
   e - Lightning Bolt                 Conjuration/Air              5
 W - a book of Necromancy

   Spells                             Type                      Level
   a - Pain                           Necromancy                   1
   b - Animate Skeleton               Necromancy                   1
   c - Vampiric Draining              Necromancy                   3
   d - Regeneration                   Charms/Necromancy            3
   e - Animate Dead                   Necromancy                   4
   f - Control Undead                 Necromancy                   4
Comestibles
 l - 5 meat rations
 o - 25 fruits
 A - 17 royal jellies
 Z - 10 bread rations


   Skills:
 - Level 10.2 Fighting
 - Level 12.0 Polearms
 - Level 8.3 Armour
 - Level 1.7 Dodging
 - Level 1.7 Stealth
 + Level 3.7 Shields
 + Level 10.6 Spellcasting
 + Level 11.6 Conjurations
   Level 1.0 Summonings
 - Level 0.8 Translocations
 * Level 12.1 Ice Magic
 - Level 5.0 Air Magic
 - Level 8.2 Invocations


You had 21 spell levels left.
You knew the following spells:

 Your Spells              Type           Power        Failure   Level  Hunger
a - Magic Dart            Conj           ####         1%          1    None
b - Freezing Cloud        Conj/Ice/Air   #######...   21%         6    #####..
c - Mephitic Cloud        Conj/Pois/Air  ######..     3%          3    None
d - Blink                 Tloc           N/A          9%          2    None
f - Conjure Flame         Conj/Fire      ######..     3%          3    None


Dungeon Overview and Level Annotations

Branches:
Dungeon (15/15)            Temple (1/1) D:4            Lair (6/6) D:10
  Swamp (0/4) Lair:3        Snake (0/4) Lair:4          Orc (2/2) D:11
    Elf (0/3) Orc:2        Vaults (0/5) D:13
  Slime: Lair:5-6    Depths: D:15

Altars:
Ashenzari
Cheibriados
Dithmenos
Elyvilon
Fedhas
Gozag
Hepliaklqana
Kikubaaqudgha
Makhleb
Nemelex Xobeh
Okawaru
Qazlal
Ru
Sif Muna
Trog
Uskayaw
Vehumet
Wu Jian
Xom
Yredelemnul
Zin
The Shining One

Shops:
D:10 *   Orc:2 }[*(

Annotations:
Lair:5 exclusion: 4 oklob plants


Innate Abilities, Weirdness & Mutations

You have a pair of horns on your head.
You are completely covered in molten scales. (AC +4, rF+)
A weak demonic guardian rushes to your aid.
Your flesh is heat resistant. (rF+)
You are immune to clouds of flame.
Your natural rate of healing is unusually fast.
You are resistant to electric shocks. (rElec)
Your spells are a little harder to cast, but a little more powerful.
You expend magic power (3 MP) to strengthen your wands.


Message History

* * * LOW HITPOINT WARNING * * *
You feel sick. The meliai closely misses you. The meliai barely misses you.
You feel better.
The meliai mumbles some strange prayers to its god against you.
Something smites you!
* * * LOW HITPOINT WARNING * * *
The meliai barely misses you. The meliai misses you.
The meliai hits you with a war axe!
* * * LOW HITPOINT WARNING * * *
You block the meliai's attack.
Okay, then.
Okay, then.
As you read the scroll of teleportation, it crumbles to dust.
You feel strangely unstable.
The meliai invokes the aid of its god against you.
Something smites you!
* * * LOW HITPOINT WARNING * * *
The meliai calls down the wrath of its god upon you.
Something smites you!
You die...

#.##.### ##.####....#.....##....
#.##.# #.# #.................
#..#.# ##.# #.#####.....###...
...#.# ##..# #.# #......)....
#....# #..## #.# #.....####..
#...######.#####.# #.....# #..
#............##..# #.....# ###
.#.#####..##....#### #######
...)##...######.@yy#######
##...).)..([÷#..##.†..†>.#
##...)######[((..#.....†.#
....#.# ###(#....u....# ####
....#.## ###.##.######## #...
....#..## #...##l†......## #...
...<##..####.###########..####...
....###......# ##........ ....#
####.### ######...


You could see a brown ugly thing and 2 meliai.

Vanquished Creatures
  Rupert (Lair:5)
  Donald (Orc:1)
  3 dire elephants (Lair:6)
  Nessos (D:13)
  Azrael (Orc:2)
  An ettin (Orc:1)
  Snorg (D:11)
  A minotaur (Lab)
  Erolcha (Orc:1)
  The ghost of PeterLawrence the Cleaver, a journeyman MiFi of Okawaru (IceCv)
  4 vault guards (D:13)
  An ogre mage (Orc:2)
  8 hydras
  An ice dragon (D:14)
  A centaur warrior (D:14)
  An anaconda (Lair:6)
  A catoblepas (D:14)
  15 two-headed ogres
  6 death yaks (Lair:3)
  5 tengu warriors
  Sonja (Lair:1)
  A deep elf knight (Orc:2)
  4 skeletal warriors (D:14)
  3 unseen horrors
  2 deep trolls (Orc:1)
  A lindwurm (Lair:3)
  2 orc knights
  19 ugly things
  4 deep elf magi
  2 oklob plants (Lair:5)
  2 manticores (D:13)
  An orc sorcerer (Orc:1)
  7 cyclopes
  Psyche (D:10)
  A centaur zombie (D:15)
  3 ice statues (IceCv)
  18 elephants
  7 black mambas
  Joseph (Lair:1)
  6 spiny frogs
  5 komodo dragons
  3 rime drakes
  7 kobold demonologists
  A queen bee (Lair:3)
  A meliai (D:15)
  9 trolls
  2 hornets
  Grinder (D:5)
  A slime creature (D:13)
  6 dream sheep (Lair:5)
  2 blink frogs
  4 hippogriffs
  2 shadows
  A water elemental (D:11)
  A wyvern (Lair:2)
  A vampire (D:12)
  38 yaks
  6 wraiths
  Grum (D:11)
  5 fire elementals
  5 vampire mosquitoes (Lair:4)
  4 insubstantial wisps (Lair:3)
  6 wargs
  Edmund (D:5)
  A naga (Lair:4)
  2 soldier ants
  14 water moccasins
  12 porcupines
  3 acid dragons
  A hell hound (Orc:1)
  7 ice beasts
  23 orc warriors
  3 sky beasts
  A swamp drake (D:9)
  An eye of draining (D:13)
  A necrophage (D:13)
  25 ogres
  4 phantoms
  10 wolves
  4 boggarts (D:15)
  6 centaurs
  6 crocodiles
  7 big kobolds
  Blork the orc (D:5)
  15 bullfrogs
  5 scorpions
  44 killer bees
  4 electric eels (D:10)
  8 crimson imps
  2 howler monkeys
  A bullfrog zombie (D:7)
  A quasit (D:6)
  3 jellies
  12 orc priests
  13 hounds
  An iron imp (D:9)
  18 orc wizards
  4 centaur skeletons
  3 iguanas
  12 worker ants
  3 hound zombies
  3 hound skeletons
  10 adders
  3 gnolls (D:7)
  A river rat (Sewer)
  5 shadow imps
  An ooze (D:3)
  3 worms (D:3)
  4 dart slugs
  5 leopard geckos
  71 orcs
  6 ball pythons
  5 bats
  7 giant cockroaches
  7 goblins
  9 hobgoblins
  7 jackals
  4 quokkas
  A ball python skeleton (D:4)
  10 frilled lizards
  32 kobolds
  12 rats
  22 plants
763 creatures vanquished.

Vanquished Creatures (collateral kills)
  Josephine (D:11)
  A hydra (Lair:2)
  2 two-headed ogres
  An ogre mage (Orc:1)
  A lindwurm (Lair:5)
  An ugly thing (D:11)
  2 oklob plants (Lair:5)
  2 elephants (Lair:5)
  A centaur skeleton (D:10)
  A spiny frog (Lair:6)
  A komodo dragon (Lair:5)
  A troll (Orc:2)
  2 blink frogs (Lair:6)
  A polar bear (Lair:2)
  A spriggan (D:10)
  2 yaks (D:9)
  A soldier ant (shapeshifter) (D:14)
  A water moccasin (D:9)
  An orc warrior (D:10)
  A phantom (D:8)
  A black bear (D:7)
  A wolf (Lair:6)
  A boggart (D:15)
  An ogre (Orc:2)
  A crocodile (Lair:6)
  A scorpion (D:8)
  2 killer bees
  An orc priest (Orc:2)
  An adder (D:12)
  A leopard gecko (D:11)
  6 orcs
  3 goblins (D:11)
  A kobold (D:13)
  3 fungi
  A plant (Lair:5)
50 creatures vanquished.

Vanquished Creatures (others)
  A centaur warrior (D:14)
  A crimson imp (D:9)
  An orc wizard (D:9)
  A white imp (D:9)
  3 orcs
  28 fungi
  16 plants
51 creatures vanquished.

Grand Total: 864 creatures vanquished

Notes
Turn   | Place    | Note
-------+----------+-------------------------------------------
     0 | D:1      | letsgo the Demonspawn Wizard began the quest for the Orb.
     0 | D:1      | Reached XP level 1. HP: 13/13 MP: 4/4
   350 | D:1      | Gained mutation: You are partially covered in molten scales. (AC +2) [demonic ancestry]
   350 | D:1      | Reached XP level 2. HP: 13/19 MP: 0/6
  1181 | D:1      | Gained mutation: You have a pair of small horns on your head. [demonic ancestry]
  1181 | D:1      | Reached XP level 3. HP: 23/24 MP: 5/7
  1721 | D:2      | Learned a level 3 spell: Mephitic Cloud
  1725 | D:2      | Learned a level 3 spell: Conjure Flame
  2167 | D:2      | Reached XP level 4. HP: 30/30 MP: 3/8
  2884 | D:3      | Found a stormy altar of Qazlal.
  2885 | D:3      | Found an ancient bone altar of Kikubaaqudgha.
  2885 | D:3      | Found a sacrificial altar of Ru.
  2887 | D:3      | Found a hide-covered altar of Uskayaw.
  2915 | D:3      | Found a glowing golden altar of the Shining One.
  3154 | D:3      | Found a shimmering altar of Xom.
  3470 | D:3      | Reached skill level 5 in Conjurations
  3470 | D:3      | Gained mutation: You are mostly covered in molten scales. (AC +3) [demonic ancestry]
  3470 | D:3      | Reached XP level 5. HP: 29/35 MP: 1/9
  3862 | D:3      | Found a blossoming altar of Fedhas.
  4434 | D:4      | Noticed a phantom
  4456 | D:4      | Killed a phantom
  4456 | D:4      | Gained mutation: You have a pair of horns on your head. [demonic ancestry]
  4456 | D:4      | Reached XP level 6. HP: 35/41 MP: 0/11
  4945 | D:4      | Found a glowing silver altar of Zin.
  5398 | D:4      | Reached XP level 7. HP: 40/46 MP: 1/13
  5490 | D:4      | Found a staircase to the Ecumenical Temple.
  5500 | Temple   | Entered the Ecumenical Temple
  5575 | Temple   | Became a worshipper of Warmaster Okawaru
  6002 | D:5      | Entered Level 5 of the Dungeon
  6073 | D:5      | Found a glowing drain.
  6105 | Sewer    | Entered a sewer
  6304 | Sewer    | Found a glowing silver altar of Zin.
  6424 | D:5      | Noticed Grinder
  6427 | D:5      | Noticed Edmund
  6436 | D:5      | Killed Grinder
  6436 | D:5      | Reached skill level 5 in Spellcasting
  6489 | D:5      | Killed Edmund
  6489 | D:5      | Gained mutation: A weak demonic guardian rushes to your aid. [demonic ancestry]
  6489 | D:5      | Reached XP level 8. HP: 30/52 MP: 0/16
  6630 | D:5      | Got a smoking mace
  6631 | D:5      | Identified the +8 mace "Eraoguerch" {flame, -Tele rPois Str+7} (You found it on level 5 of the Dungeon)
  6646 | D:5      | Found an iron altar of Okawaru.
  6892 | D:5      | Reached * piety under Okawaru
  7022 | D:5      | Noticed Blork the orc
  7029 | D:5      | Killed Blork the orc
  7045 | D:5      | Reached skill level 1 in Fighting
  7611 | D:6      | Reached ** piety under Okawaru
  7763 | D:6      | Found a shadowy altar of Dithmenos.
  7841 | D:6      | Found a glowing golden altar of the Shining One.
  8423 | D:7      | Gained mutation: You are completely covered in molten scales. (AC +4, rF+) [demonic ancestry]
  8423 | D:7      | Reached XP level 9. HP: 51/65 MP: 16/20
  8592 | D:7      | Reached skill level 1 in Polearms
  9327 | D:8      | Reached *** piety under Okawaru
  9477 | D:8      | Reached skill level 5 in Polearms
  9994 | D:8      | Noticed a two-headed ogre
 10009 | D:8      | Killed a two-headed ogre
 10009 | D:8      | Reached **** piety under Okawaru
 10057 | D:9      | Reached XP level 10. HP: 68/73 MP: 21/21
 10646 | D:9      | Reached ***** piety under Okawaru
 10688 | D:9      | Noticed a deep elf mage
 10723 | D:9      | Killed a deep elf mage
 10727 | D:9      | Noticed a deep elf mage
 10736 | D:9      | Killed a deep elf mage
 10761 | D:9      | Got a faintly humming hat
 10767 | D:9      | Identified the +0 hat of Lulievyu {MR+ Regen+ Int+5} (You found it on level 9 of the Dungeon)
 10867 | D:10     | Entered Level 10 of the Dungeon
 10867 | D:10     | Noticed a two-headed ogre
 10887 | D:10     | Killed a two-headed ogre
 10887 | D:10     | Received a gift from Okawaru
 10887 | D:10     | Received a gift from Okawaru
 10887 | D:10     | Reached skill level 10 in Polearms
 11264 | D:10     | Gained mutation: Your flesh is heat resistant. (rF+) [demonic ancestry]
 11264 | D:10     | Reached XP level 11. HP: 58/78 MP: 22/22
 11351 | D:10     | Found a staircase to the Lair.
 11766 | D:10     | Found Virepiw's Changing Room.
 11796 | D:10     | Noticed a two-headed ogre
 11864 | D:10     | Killed an unseen horror
 11912 | D:10     | Killed a two-headed ogre
 11954 | D:10     | Noticed Psyche
 11962 | D:10     | Killed Psyche
 11964 | D:10     | Reached skill level 1 in Armour
 12180 | Lair:1   | Entered Level 1 of the Lair of Beasts
 12182 | Lair:1   | Found a labyrinth entrance.
 12197 | Lab      | Entered a labyrinth
 12267 | Lab      | Noticed a minotaur
 12282 | Lab      | Killed a minotaur
 12282 | Lab      | Reached skill level 5 in Fighting
 12428 | Lair:1   | Noticed Sonja
 12481 | Lair:1   | Killed Sonja
 12589 | Lair:1   | Noticed Joseph
 12606 | Lair:1   | Killed Joseph
 13623 | Lair:2   | Received a gift from Okawaru
 13704 | Lair:2   | Noticed a five-headed hydra
 13720 | Lair:2   | Killed a five-headed hydra
 13720 | Lair:2   | Reached skill level 5 in Armour
 14336 | Lair:3   | Noticed a death yak
 14336 | Lair:3   | Noticed a death yak
 14336 | Lair:3   | Noticed a death yak
 14336 | Lair:3   | Noticed a death yak
 14336 | Lair:3   | Noticed a death yak
 14336 | Lair:3   | Noticed a death yak
 14361 | Lair:3   | Killed a death yak
 14361 | Lair:3   | Reached ****** piety under Okawaru
 14361 | Lair:3   | Gained mutation: You are immune to clouds of flame. [demonic ancestry]
 14361 | Lair:3   | Reached XP level 12. HP: 91/91 MP: 11/23
 14365 | Lair:3   | Killed a death yak
 14370 | Lair:3   | Killed a death yak
 14381 | Lair:3   | Killed a death yak
 14390 | Lair:3   | Killed a death yak
 14405 | Lair:3   | Killed a death yak
 14769 | Lair:3   | Found a staircase to the Swamp.
 15262 | Lair:3   | Received a gift from Okawaru
 15421 | Lair:4   | Found a staircase to the Snake Pit.
 15451 | Lair:4   | Noticed a six-headed hydra
 15460 | Lair:4   | Killed a six-headed hydra
 15553 | Lair:4   | Reached skill level 1 in Invocations
 15563 | Lair:4   | Noticed a four-headed hydra
 15649 | Lair:4   | Noticed a six-headed hydra
 15654 | Lair:4   | Killed a six-headed hydra
 15654 | Lair:4   | Reached skill level 10 in Fighting
 15669 | Lair:4   | Killed a four-headed hydra
 16346 | Lair:5   | Learned a level 6 spell: Freezing Cloud
 16356 | Lair:5   | Noticed Rupert
 16370 | Lair:5   | Reached skill level 5 in Invocations
 16370 | Lair:5   | Reached XP level 13. HP: 69/103 MP: 14/24
 16400 | Lair:5   | Killed Rupert
 16400 | Lair:5   | Reached skill level 1 in Air Magic
 16651 | Lair:5   | Received a gift from Okawaru
 16863 | Lair:5   | Received a gift from Okawaru
 16872 | Lair:5   | Got a faintly glowing bardiche {god gift}
 16873 | Lair:5   | Identified the +1 bardiche "Soch" {venom, +Blink} (Okawaru gifted it to you on level 5 of the Lair of Beasts)
 18140 | Lair:5   | Reached skill level 5 in Ice Magic
 18222 | Lair:6   | Entered Level 6 of the Lair of Beasts
 18291 | Lair:6   | Gained mutation: Your spells are a little harder to cast, but a little more powerful. [potion of mutation]
 18291 | Lair:6   | Gained mutation: Your natural rate of healing is unusually fast. [potion of mutation]
 18291 | Lair:6   | Gained mutation: You are resistant to electric shocks. (rElec) [potion of mutation]
 18369 | Lair:6   | Received a gift from Okawaru
 18372 | Lair:6   | Got a smoking glaive {god gift}
 18373 | Lair:6   | Identified the +3 glaive "Nucricag" {drain, Str+3} (Okawaru gifted it to you on level 6 of the Lair of Beasts)
 19382 | Lair:5   | Learned a level 2 spell: Blink
 19588 | Lair:6   | Identified the Grimoire of the Nocuous Blaze
 19627 | Lair:6   | Noticed a dire elephant
 19647 | Lair:6   | Killed a dire elephant
 19647 | Lair:6   | Reached XP level 14. HP: 24/110 MP: 4/26
 20017 | Lair:6   | Received a gift from Okawaru
 20130 | Lair:6   | HP: 5/110 [dire elephant (21)]
 20479 | Lair:6   | Received a gift from Okawaru
 20799 | D:11     | Noticed Snorg
 20830 | D:11     | Killed Snorg
 20830 | D:11     | Reached skill level 5 in Air Magic
 20845 | D:11     | Noticed Josephine
 20845 | D:11     | Found a staircase to the Orcish Mines.
 20984 | D:11     | Killed Josephine
 21285 | D:11     | Noticed Grum
 21307 | D:11     | Killed Grum
 21686 | Orc:1    | Entered Level 1 of the Orcish Mines
 21686 | Orc:1    | Noticed Erolcha
 21695 | Orc:1    | Killed Erolcha
 22075 | Orc:2    | Entered Level 2 of the Orcish Mines
 22075 | Orc:2    | Noticed Donald
 23149 | Orc:1    | Received a gift from Okawaru
 23264 | Orc:2    | Found a staircase to the Elven Halls.
 23547 | Orc:1    | Killed Donald
 23660 | Orc:1    | Reached skill level 10 in Conjurations
 23771 | Orc:2    | Found Muiluma's General Store.
 23776 | Orc:2    | Found Lafezara's Weapon Shoppe.
 23777 | Orc:2    | Found Ippa's Antique Armour Boutique.
 23787 | Orc:2    | Found Haohijum's Gadget Emporium.
 24251 | Orc:2    | Noticed Azrael
 24462 | Orc:2    | Killed Azrael
 24501 | Orc:2    | Bought a smelly scale mail for 234 gold pieces
 24511 | Orc:2    | Identified the +2 scale mail of Sywoid {rCorr Str+3} (You bought it in a shop on level 2 of the Orcish Mines)
 24659 | Orc:2    | Reached XP level 15. HP: 91/115 MP: 16/28
 24933 | D:12     | Reached skill level 10 in Ice Magic
 25600 | D:13     | Found a frozen archway.
 25610 | IceCv    | Entered an ice cave
 25612 | IceCv    | Noticed PeterLawrence's ghost (journeyman MiFi)
 25644 | IceCv    | Killed PeterLawrence's ghost
 25683 | IceCv    | Received a gift from Okawaru
 25686 | IceCv    | Got a brightly glowing buckler {god gift}
 25692 | IceCv    | Identified the +0 buckler of Joy {rPois rF+ Str+4} (Okawaru gifted it to you in an ice cave)
 25782 | IceCv    | Got polished ice dragon scales
 25783 | IceCv    | Identified the +1 ice dragon scales of Vexation {rElec rF- rC++ MR+ Dex+4} (You found it in an ice cave)
 25994 | D:13     | Reached skill level 1 in Shields
 26022 | D:13     | Gained mutation: You expend magic power (3 MP) to strengthen your wands. [a neqoxec]
 26165 | D:13     | Noticed Nessos
 26174 | D:13     | Found a gate to the Vaults.
 26185 | D:13     | Killed Nessos
 26229 | D:13     | Reached skill level 10 in Spellcasting
 27031 | D:14     | Found a sparkling altar of Nemelex Xobeh.
 27100 | D:14     | Received a gift from Okawaru
 27429 | D:15     | Entered Level 15 of the Dungeon
 27617 | D:15     | Received a gift from Okawaru
 27620 | D:15     | Got a dazzling scale mail {god gift}
 27631 | D:15     | Identified the +2 scale mail of Submission {Regen+ Str-3 Slay+6} (Okawaru gifted it to you on level 15 of the Dungeon)
 28124 | D:14     | Reached XP level 16. HP: 60/122 MP: 12/30
 28347 | D:14     | HP: 4/122 [meliai/divine providence (12)]
 28347 | D:14     | Killed from afar by a meliai

Vault maps used:
D:1:      dpeg_arrival_rhombi
D:3:      grunt_temple_overflow_open, lemuel_doored_altar, first_bread,
          st_stairs_14, led_xom_imps
D:4:      zin_academy, minmay_temple_entry_hall
D:5:      portal_sewer_entry_a, grunt_ministairs_2, okawaru_trees_1,
          uniq_grinder, uniq_edmund, uniq_blork_the_orc
D:6:      old_standard_altar, serial_bayou, serial_bayou_pond_b,
          serial_bayou_crossing, serial_bayou_lagoon_a, serial_bayou_pond_c,
          nicolae_tso_swordbearing_angel
D:9:      hangedman_minor_magic
D:10:     erik_lair_island, the_bakery, minmay_misc_feat_x,
          nicolae_transmutations_shop, uniq_psyche
D:11:     erik_orc_4, kennysheep_donut, uniq_josephine, uniq_snorg, uniq_grum
D:12:     st_stairs_6
D:13:     lightli_vaults_fourway_checkpoint, portal_ice_cave_rime, uniq_nessos
D:14:     dragon1_lemuel, basic_altar
D:15:     gammafunk_enter_depths_forms, minmay_misc_feat_hallway
Temple:   zaba_magenta_temple
Lair:1:   lab_entry_generic, beast_lair_carwin_4, uniq_joseph, uniq_sonja
Lair:2:   lemuel_fruit_tree, serial_bayou_shore_b, lemuel_fruit_fields
Lair:3:   minmay_swamp_entry_wisps, grunt_megastairs_3
Lair:4:   guppyfry_snake_entry_island, pond, grunt_megastairs_2
Lair:5:   minmay_lair_oklob_tunnel, minmay_slime_entry_oklob_open,
          beast_lair_carwin_1, uniq_rupert
Lair:6:   due_jungle_book
Orc:1:    uniq_erolcha
Orc:2:    st_orc_open, uniq_azrael, uniq_donald
Lab:      labyrinth_spiral, nicolae_lab_lava, nicolae_lab_grate,
          labyrinth_skeletal_remains, nicolae_lab_swirl, lab_fountain
Sewer:    sewer_kobolds
IceCv:    ice_cave_statue_garden_chambered

Skill      XL: |  1  2  3  4  5  6  7  8  9 10 11 12 13 14 15 |
---------------+----------------------------------------------+-----
Conjurations   | 2 3 5 6 7 8 10 11 | 11.6
Spellcasting   | 4 5 7 8 9 10 | 10.6
Fighting       | 4 7 10 | 10.2
Polearms       | 7 11 12 | 12.0
Armour         | 5 8 |  8.3
Invocations    | 5 8 |  8.2
Ice Magic      | 6 9 12 | 12.1
Air Magic      | 4 5 |  5.0
Shields        | 3 |  3.7
Dodging        | |  1.7
Stealth        | |  1.7
Summonings     | |  1.0
Translocations | |  0.8

Action                   |  1- 3 |  4- 6 |  7- 9 | 10-12 | 13-15 | 16-18 || total
-------------------------+-------+-------+-------+-------+-------+-------++-------
Melee: Club              |     4 |       |       |       |       |       ||     4
       Dagger            |     8 |   104 |    45 |       |       |       ||   157
       Headbutt          |       |     8 |    47 |   102 |   520 |    12 ||   689
       Whip              |       |       |     3 |       |       |       ||     3
       Mace              |       |       |   171 |   564 |  1544 |       ||  2279
       Punch             |       |       |       |       |     2 |       ||     2
       Trident           |       |       |       |       |   371 |    48 ||   419
 Fire: Blowgun           |       |       |       |       |    13 |       ||    13
 Cast: Magic Dart        |    86 |   185 |    74 |    58 |     3 |       ||   406
       Mephitic Cloud    |       |     1 |    11 |    40 |   100 |       ||   152
       Conjure Flame     |       |       |     3 |    11 |    21 |       ||    35
Invok: Heroism           |       |       |       |     1 |     3 |     1 ||     5
       Finesse           |       |       |       |       |     5 |       ||     5
Evoke: Wand              |       |     1 |     5 |    12 |    12 |       ||    30
       Lightning rod     |       |       |       |       |     2 |       ||     2
  Use: Potion            |       |     5 |       |     7 |    11 |     1 ||    24
       Scroll            |       |       |     5 |    14 |    12 |     2 ||    33
 Stab: Paralysed         |       |       |     9 |     5 |       |       ||    14
       Confused          |       |       |     9 |    17 |    44 |       ||    70
       Sleeping          |       |       |     1 |       |       |       ||     1
       Distracted        |       |       |       |     2 |     7 |       ||     9
  Eat: Chunk             |     3 |     6 |     6 |    15 |    10 |       ||    40
       Bread ration      |       |     1 |     1 |       |     1 |       ||     3
       Meat ration       |       |       |     1 |     1 |     6 |       ||     8
       Fruit             |       |       |       |       |     1 |       ||     1
Armor: Robe              |     8 |    24 |    37 |       |       |       ||    69
       Skin              |       |     1 |       |       |       |       ||     1
       Scale mail        |       |       |    25 |   488 |   907 |    29 ||  1449
       Ice dragon scales |       |       |       |       |   199 |       ||   199
Dodge: Dodged            |     7 |    55 |   142 |   370 |   917 |    20 ||  1511
Block: Other             |       |    11 |    34 |    90 |   168 |       ||   303
       Reflection        |       |     2 |       |     1 |    16 |       ||    19
       Buckler           |       |       |       |       |   179 |    14 ||   193
